Croesus, chaotic male elven Ranger --- ------------------ --- ---- |.|---|................|--------------|.-- --..| |.|...|................|??*|..|...|...|..| |...| |.|...-..--|--.........|%)?|..|...|...|..| ----...| |.|...|..|...|..-----..|@@.|..|-|---|--..|-----......| ----- |.-----..|...|--|(..|..--f---|-.........--..--.......| --...-- ----- |........|...|..|(..[.............-----..........>...| |.....| -----.|.--|........|---|).|.(.|......--|-...|...|..--.....---..-- |.....---.--......|.----...|(((||------..{...|..|...-...|..||-....--|...| |......|............|..-...|(((|.............|..|...|...|..--......|--..--- |..........--<....-.|..|...|...|-|-.....---|-------------.|........| |....| --.....|..----......----...--|-|..|..-|-|..@...............|.....--- |.--.-- ---..---.| |....|...|........|..|..|..|----....---------.|--...| |.||..| ---- |.-- ---..|...|..#.....----..|..|!%.-....|......||.| |..-- |.||..| ---..-- --.|..(|-....{........|..|%%.|.)).-...._(||.------ |.|---- --.....| |.....--..|....#.....--------....|......||..| |.-- --.)....--- --........|-..................)..|---------.| --..-- --.....|....| |...-----.|------------------..--- --- |....| |..--.----..| --.-- --- |...| |....| |..|--- ---- --- --..| --..-- ---- ---- ---- Croesus the Trailblazer Experience level: 9 Strength: 18 Dexterity: 14 Constitution: 16 Intelligence: 14 Wisdom: 15 Charisma: 8 Health: 0(97) Energy: 101(101) Def: 19 Gold: 0 Moves: 18040 Dungeon seed: mLB3KKjKUyGOjiIz Game ID: Croesus_1561232791 Your Inventory: Amulets W - a cursed amulet of restful sleep Weapons c - 7 uncursed +2 elven arrows d - an uncursed +1 elven dagger (weapon in hand) e - an uncursed +1 elven bow (alternate weapon; not wielded) f - an uncursed +0 dagger of frost h - 69 uncursed +0 arrows (in quiver) j - 11 uncursed +0 darts m - an uncursed +0 flail A - a cursed poisoned -2 orcish arrow of frost C - 2 uncursed +0 elven arrows J - 2 blessed +0 arrows L - an uncursed +0 dart of lightning Armor n - a blessed +1 elven shield (being worn) q - a blessed +2 pair of elven boots (being worn) r - an uncursed +0 pair of leather gloves (being worn) y - a cursed +0 elven mithril-coat z - an uncursed +0 orcish helm (being worn) H - an uncursed +2 elven cloak (being worn) Y - an uncursed +0 banded mail (being worn) Comestibles l - an uncursed sprig of wolfsbane o - an uncursed male lizard corpse Rings Z - an uncursed ring of slow digestion (on left hand) Wands v - an uncursed wand of teleportation (0:5) R - an uncursed wand of striking (0:6) U - an uncursed wand of striking (0:3) X - an uncursed wand of opening (0:3) Tools a - an uncursed +0 unicorn horn b - an uncursed bag of holding k - an uncursed skeleton key u - an uncursed +0 unicorn horn w - an uncursed magic whistle T - an uncursed towel Contents of the bag of holding: 2 blessed +1 daggers an uncursed +0 knife an uncursed +0 partisan an uncursed +2 mummy wrapping an uncursed male cockatrice egg 2 uncursed eggs 4 uncursed food rations 3 uncursed lembas wafers 4 uncursed male lizard corpses 2 uncursed mangos an uncursed pear a blessed scroll of blank paper 5 uncursed scrolls of blank paper a cursed scroll of blank paper 2 uncursed scrolls of earth a blessed scroll of enchant weapon an uncursed scroll of genocide an uncursed scroll of gold detection an uncursed scroll of magic mapping an uncursed scroll of remove curse a cursed scroll of stinking cloud a blessed scroll of summoning 3 uncursed scrolls of teleportation an uncursed potion of fruit juice an uncursed potion of gain ability an uncursed potion of gain level an uncursed potion of healing an uncursed potion of invisibility an uncursed potion of levitation a blessed potion of object detection an uncursed potion of restore ability a cursed ring of aggravate monster a cursed ring of hunger a cursed ring of hunger a cursed ring of hunger a cursed -4 ring of protection an uncursed brass lantern (0:1475) an uncursed magic marker (0:62) an uncursed +0 pick-axe a blessed tallow candle (0:200) 2 uncursed tallow candles (0:200) an uncursed tin whistle an uncursed jade stone 2 uncursed obsidian stones 3 uncursed worthless pieces of black glass an uncursed worthless piece of blue glass 3 uncursed worthless pieces of green glass 5 uncursed worthless pieces of orange glass 2 uncursed worthless pieces of yellowish brown glass 2113 gold pieces Spells and supernatural/magical abilities: Name Level Category Cost Memory a - force bolt 1 attack 1000pw 99% c - cause fear 3 enchantment 3000pw 76% p - protection 1 clerical 1000pw 95% u - confuse monster 2 enchantment 2000pw 77% z - sleep 1 enchantment 1000pw 78% G - detect treasure 4 divination 4000pw 99% O - summoning 2 clerical 2000pw 99% W - pray for help -- divine ? -- Your skills at the end: Fighting Skills wands [Basic] Weapon Skills dagger [Expert] flail [Basic] bow [Skilled] Spellcasting Skills Final Attributes: You were piously aligned. You were cold resistant. You were immune to sleep. You were poison resistant. You saw invisible. You were telepathic. You had automatic searching. You had infravision. You were stealthy. You had slower digestion. You were protected. You last prayed 1370 turns ago. Mars was very pleased with you. You are dead. Vanquished creatures: 2 giant mimics 2 wargs a winter wolf 2 small mimics an ettin mummy a wood golem a large dog a freezing sphere a flaming sphere a dwarf king 4 tengu a stone giant a human mummy 3 quivering blobs 7 wolves a lynx a spotted jelly 3 leprechauns 2 orc-captains an iron piercer a mumak a scorpion 2 ice vortices a black light 2 vampire bats 2 gnome kings a dwarf mummy a rust monster an owlbear 2 yetis 2 werewolves 6 lizards a dingo 2 blue jellies 4 gray unicorns 5 ravens a plains centaur a snake 2 apes 7 human zombies a Woodland-elf 10 soldier ants 5 fire ants a bugbear an imp a wood nymph 4 water nymphs a mountain nymph 10 Mordor orcs 5 Uruk-hai an orc shaman 6 rock piercers 5 rock moles 3 ponies a fog cloud 4 yellow lights 4 violet fungi 9 gnome lords 4 gnomish wizards a black naga hatchling 3 golden naga hatchlings 2 guardian naga hatchlings a gray ooze 3 paper golems 12 giant ants 4 little dogs 4 floating eyes a kitten 13 dwarves 3 homunculi a kobold lord 2 hill orcs 7 rothes 4 rabid rats 2 centipedes 4 giant bats 3 monkeys 2 orc zombies 2 werejackals 9 iguanas 13 killer bees an acid blob 5 coyotes 2 gas spores 3 hobbits 7 manes 6 large kobolds 3 hobgoblins 10 giant rats 2 cave spiders 3 yellow molds 3 green molds a red mold 32 gnomes 8 garter snakes a gnome zombie 7 geckos 19 jackals 3 foxes 4 kobolds 3 goblins 9 sewer rats 9 grid bugs 5 bats 8 lichens a kobold zombie 10 newts 419 creatures vanquished. Voluntary challenges: You used a wielded weapon 704 times, starting on turn 291. You read items or engraved 63 times, starting on turn 3235. You never genocided any monsters. You never polymorphed an object. You never changed form. You used no wishes. You never split a pudding. You wrote Elbereth's name 15 times, starting on turn 7265. You never violated your personal moral code. Dungeon overview: The Dungeons of Doom: levels 1 to 10 Level 1 a long staircase Level 2 a scroll shop stairs to The Gnomish Mines Level 3 an armor shop, an altar to Venus, a sink, a vault Level 4 an altar to Mercury, some fountains, a sink, a vault Level 5 a fountain, a vault Level 6 a fountain Level 7 a general store Level 8 many fountains Level 9 an altar to Mars, a vault stairs to Sokoban Level 10 The Gnomish Mines: levels 3 to 7 Level 3 stairs to The Dungeons of Doom Level 4 Level 5 Level 6 <- You were here many shops, a temple to Venus, some fountains, some trees Level 7 Sokoban: levels 5 to 8 Level 5 Solved Level 6 Solved Level 7 Solved Level 8 Solved stairs to The Dungeons of Doom History has recorded: On T:1 you entered the Dungeons of Doom to retrieve the Amulet of Yendor! On T:50 you reached level 2 of The Dungeons of Doom. On T:701 you advanced to experience level 2. On T:1072 you reached level 3 of The Dungeons of Doom. On T:1437 you reached level 4 of The Dungeons of Doom. On T:1644 you reached level 5 of The Dungeons of Doom. On T:2147 you advanced to experience level 3. On T:2512 you advanced to experience level 4. On T:3172 you advanced to experience level 5. On T:3705 you reached level 6 of The Dungeons of Doom. On T:3772 you reached level 7 of The Dungeons of Doom. On T:4889 you advanced to experience level 6. On T:5724 you reached level 9 of The Dungeons of Doom. On T:5893 you reached level 10 of The Dungeons of Doom. On T:5987 you reached level 4 of Sokoban. On T:6018 you advanced to experience level 7. On T:6338 you reached level 8 of The Dungeons of Doom. On T:7686 you advanced to experience level 8. On T:8233 you reached level 3 of Sokoban. On T:9088 you reached level 2 of Sokoban. On T:9629 you reached level 1 of Sokoban. On T:12742 you advanced to experience level 9. On T:13375 you reached level 1 of The Gnomish Mines. On T:14747 you reached level 2 of The Gnomish Mines. On T:15385 you reached level 3 of The Gnomish Mines. On T:15939 you reached level 4 of The Gnomish Mines. On T:17564 you reached level 5 of The Gnomish Mines. Score breakdown: Gold: 2113 (11310 points) Experience: 9 levels (15756 points) Exploration: 10 levels ( 19.23%) (12602 points) Discoveries: 48 items ( 16.27%) (12101 points) Valuables value: (no points given unless you survive) Artifact value: 0 ( 0 points) Variety of kills: 107 monsters ( 28.16%) (15919 points) Turncount: 18040 turns (-3250 points) Survival: died (score multiplied by 80%) Total score: 51550 Latest messages: The owlbear misses. (3x) The owlbear just misses! [2 turns] You kill the owlbear! The panther misses. The panther hits! The panther misses. You hit the panther! The panther hits! The panther misses. The panther bites! The panther misses. (2x) The panther bites! [2 turns] You write in the dust with your fingers. The panther hits! The panther just misses! The panther misses. You add to the writing in the dust with your fingers. The panther hits! The panther misses. (3x) The panther hits! The panther bites! You die... Sipaliwini gratefully inherits all your possessions. For some reason, you think that you can almost hear the Wizard laugh manically... Final status: Goodbye Croesus the Ranger, killed by a panther... You died in The Gnomish Mines on dungeon level 6 with 51550 points, and 2113 pieces of gold, after 18040 moves. You were level 9 with a maximum of 97 hit points when you died.